AoeStats
← Cloud Surfer

Black Forest

506308559Analyzed
1v1 RM · 18d ago on Sep 13, 2026· 137m 50s· 2 players
Game mode
Random Map
Map size
Tiny (2 player)
Population
200
Speed
Normal
Resources
Standard
Victory
Conquest
Starting age
Dark Age
Ending age
Imperial Age
RankedLock teamsTeams togetherTeam positionsShared explorationLock speedFull tech treeHidden civsTurbo modeCheats
Victory
Defeat
🇨🇳 Bohemians · China
757
+16
🇺🇸 Bohemians · United States
751
-16
Cloud Surfer
11:41 Feudal Age
12:57 Double-Bit Axe
13:53 Wheelbarrow
13:03 Loom
14:08 Horse Collar
21:03 Castle Age
19:49 Man-at-Arms
29:43 Town Watch
30:24 Hand Cart
35:33 Imperial Age
36:00 Elite Skirmisher
37:04 Bow Saw
37:04 Heavy Plow
38:01 Fletching
39:09 Ballistics
40:11 Capped Ram
43:50 Two-Man Saw
42:28 Elite Hussite Wagon
43:18 Hussite Reforms
44:27 Husbandry
44:45 Squires
44:06 Pikeman
45:22 Halberdier
46:33 Wagenburg Tactics
47:56 Forging
47:47 Scale Mail Armor
47:43 Bodkin Arrow
47:53 Scale Barding Armor
48:03 Padded Archer Armor
49:07 Chemistry
48:46 Siege Engineers
50:00 Houfnice
52:08 Onager
57:18 Town Patrol
58:01 Bracer
58:37 Iron Casting
58:17 Chain Mail Armor
58:23 Chain Barding Armor
58:18 Leather Archer Armor
61:16 Blast Furnace
62:43 Husbandry
62:04 Cavalier
76:04 Masonry
76:20 Bombard Tower
75:57 Murder Holes
76:15 Fortified Wall
76:04 Arrowslits
76:14 Guard Tower
88:31 Plate Mail Armor
88:46 Ring Archer Armor
103:04 Arson
110:04 Light Cavalry
127:23 Long Swordsman
origami
0:42 Loom
11:20 Feudal Age
17:05 Castle Age
18:45 Fletching
20:34 Wheelbarrow
25:20 Horse Collar
29:05 Hand Cart
30:26 Bodkin Arrow
32:29 Chemistry
32:15 Double-Bit Axe
33:13 Heavy Plow
33:08 Town Watch
34:27 Bow Saw
38:33 Imperial Age
37:54 Pikeman
38:11 Light Cavalry
39:06 Forging
38:41 Elite Skirmisher
40:44 Iron Casting
40:41 Ballistics
41:23 Chemistry
43:08 Town Patrol
44:18 Bracer
46:37 Onager
48:09 Ballistics
48:03 Padded Archer Armor
49:04 Blast Furnace
48:18 Husbandry
49:07 Siege Engineers
50:43 Hussite Reforms
50:58 Conscription
54:07 Wagenburg Tactics
55:44 Houfnice
56:59 Scale Mail Armor
57:14 Leather Archer Armor
57:07 Scale Barding Armor
58:24 Murder Holes
58:44 Capped Ram
60:27 Ring Archer Armor
60:31 Elite Hussite Wagon
63:48 Masonry
63:19 Treadmill Crane
68:39 Chain Barding Armor
71:43 Sanctity
74:51 Halberdier
75:31 Squires
92:36 Architecture
138:23 Two-Man Saw
Connection lost

Rejoining the realm…

Still unreachable

The connection could not be restored.

Session expired

The server has moved on; the page needs a fresh start.